 Dungeon Crawl Stone Soup version 0.20.1-1-g8b1a95d (webtiles) character file.

333 valak24 the Covered (level 6, -2/48 HPs)
             Began as a Human Fighter on July 19, 2017.
             Was an Initiate of Ashenzari.
             Slain by galech's ghost (16 damage)
             ... on level 3 of the Dungeon.
             The game lasted 00:07:18 (2468 turns).

valak24 the Covered (Human Fighter)                 Turns: 2468, Time: 00:07:18

Health: -2/48      AC:  7    Str: 21    XL:     6   Next: 82%
Magic:  6/6        EV:  8    Int:  8    God:    Ashenzari [......]
Gold:   104        SH: 10    Dex: 14    Spells: 5/5 levels left

rFire    . . .     SeeInvis .   a - +0 long sword (curse)
rCold    . . .     Gourm    .   c - +0 shield
rNeg     . . .     Faith    .   b - +0 scale mail
rPois    +         Spirit   .   (no helmet)
rElec    .         Reflect  .   (no cloak)
rCorr    .         Harm     .   (no gloves)
MR       .....                  (no boots)
Stlth    ..........             (no amulet)
Regen    0.2/turn               e - ring of poison resistance
MPRegen  0.1/turn               (no ring)

@: no status effects
A: agile 1, strong 1
a: Curse Item, Renounce Religion


You were on level 3 of the Dungeon.
You worshipped Ashenzari.
Ashenzari was noncommittal.
You were not hungry.

You visited 1 branch of the dungeon, and saw 3 of its levels.

You collected 104 gold pieces.

Inventory:

Hand Weapons
 a - a cursed +0 long sword (weapon)
Armour
 b - a +0 scale mail (worn)
 c - a +0 shield (worn)
 j - a cursed +0 leather armour
Jewellery
 e - a ring of poison resistance (left hand)
Scrolls
 h - a scroll of teleportation {unknown}
Books
 d - a book of Changes

   Spells                             Type                      Level
   a - Beastly Appendage              Transmutation                1
   b - Sticks to Snakes               Transmutation                2
   c - Spider Form                    Transmutation/Poison         3
   d - Ice Form                       Ice/Transmutation            4
   e - Blade Hands                    Transmutation                5
Comestibles
 f - a bread ration


   Skills:
 * Level 4.0 Fighting
 * Level 4.1 Long Blades
 * Level 4.5 Armour
 + Level 1.0 Dodging
 * Level 3.9 Shields


You had 5 spell levels left.
You didn't know any spells.

Dungeon Overview and Level Annotations

Branches:
Dungeon (3/15)

Altars:
Ashenzari
Hepliaklqana
Ru
Sif Muna
The Shining One

Annotations:
D:3 galech's ghost, amateur TrMo


Innate Abilities, Weirdness & Mutations

You are agile. (Dex +2)
Your muscles are strong. (Str +2)


Message History

Galech's ghost is heavily damaged.
Galech's ghost closely misses you.
You riposte.
You closely miss galech's ghost.
Galech's ghost is heavily damaged.
You feel better. Galech's ghost barely misses you.
You riposte.
You hit galech's ghost but do no damage.
Galech's ghost is heavily damaged.
You barely miss galech's ghost.
Galech's ghost is heavily damaged.
You block galech's ghost's attack.
You hit galech's ghost but do no damage.
Galech's ghost is heavily damaged.
You block galech's ghost's attack. x2
Your shield prevents you from hitting galech's ghost.
Galech's ghost is heavily damaged.
Galech's ghost hits you but does no damage.
Your shield and scale mail prevent you from hitting galech's ghost.
Galech's ghost is heavily damaged.
Galech's ghost hits you!
You die...

...##.#....###.#.#....
...##.#...............
.............)....<...
##.##.#....#..........
#.##.#..#.#.#.####...
#.......#.#.#.# .
####.#.##.#.#.#
......#...$.####
............gW@.#
#...........####.#
............# .#
.........# ..
.........# ###
...(.....# #......#..
#.###.####


You could see galech's ghost and a hobgoblin.

Vanquished Creatures
  Sigmund (D:2)
  Terence (D:2)
  Robin (D:2)
  7 adders
  2 oozes
  A worm (D:2)
  2 dart slugs (D:1)
  12 bats
  3 giant cockroaches (D:2)
  18 goblins
  5 hobgoblins
  5 kobolds
  4 quokkas
  A ball python (D:2)
  A frilled lizard (D:2)
  5 rats
69 creatures vanquished.

Notes
Turn   | Place    | Note
-------+----------+-------------------------------------------
     0 | D:1      | valak24 the Human Fighter began the quest for the Orb.
     0 | D:1      | Reached XP level 1. HP: 18/18 MP: 1/1
    49 | D:1      | Found a shattered altar of Ashenzari.
   100 | D:1      | Reached XP level 2. HP: 15/24 MP: 2/2
   296 | D:1      | Became a worshipper of Ashenzari the Shackled
   765 | D:1      | Reached XP level 3. HP: 28/29 MP: 3/3
  1235 | D:2      | Reached XP level 4. HP: 34/35 MP: 4/4
  1317 | D:2      | Noticed Robin
  1342 | D:2      | Killed Robin
  1360 | D:2      | Reached XP level 5. HP: 10/41 MP: 5/5
  1697 | D:2      | Noticed Terence
  1725 | D:2      | Killed Terence
  1834 | D:2      | Found a glowing golden altar of the Shining One.
  1836 | D:2      | Found a hazy altar of Hepliaklqana.
  1907 | D:2      | Noticed Sigmund
  1923 | D:2      | Killed Sigmund
  1923 | D:2      | Reached skill level 1 in Dodging
  1923 | D:2      | Reached XP level 6. HP: 34/48 MP: 6/6
  1929 | D:2      | Found a sacrificial altar of Ru.
  2054 | D:2      | Found a deep blue altar of Sif Muna.
  2435 | D:3      | Noticed galech's ghost (amateur TrMo)
  2448 | D:3      | Gained mutation: You are agile. (Dex +2) [potion of mutation]
  2448 | D:3      | Gained mutation: Your muscles are strong. (Str +2) [potion of mutation]
  2468 | D:3      | Slain by galech's ghost

Skill      XL: |  1  2  3  4  5  6 |
---------------+-------------------+-----
Long Blades    | 3 4 |  4.1
Armour         | 4 |  4.5
Dodging        | 1 |  1.0
Fighting       | 4 |  4.0
Shields        | |  3.9

Action                   |  1- 3 |  4- 6 || total
-------------------------+-------+-------++-------
Melee: Long sword        |    83 |   187 ||   270
Invok: Curse Item        |     1 |       ||     1
  Use: Scroll            |     2 |       ||     2
       Potion            |     4 |     3 ||     7
  Eat: Bread ration      |     1 |     1 ||     2
Armor: Scale mail        |    46 |   113 ||   159
Dodge: Dodged            |    36 |    89 ||   125
Block: Shield            |    43 |   117 ||   160
       Rpst.: Long sword |    12 |    30 ||    42
